 Dungeon Crawl Stone Soup version 0.19-a0-376-gf780d9b (webtiles) character file.

312462 Ijustatesigmund the Severer (level 21, -2/195 HPs)
             Began as a Hill Orc Fighter on May 30, 2016.
             Was a Follower of Ukayaw.
             Killed by divine providence
             ... invoked by an orc priest
              (14 damage)
             ... on level 1 of the Elven Halls.
             The game lasted 02:35:48 (43908 turns).

Ijustatesigmund the Severer (Hill Orc Fighter)     Turns: 43908, Time: 02:35:49

Health: -2/195     AC: 43    Str: 24    XL:     21   Next: 67%
Magic:  30/40      EV: 12    Int:  8    God:    Ukayaw [*.....]
Gold:   1448       SH: 15    Dex: 19    Spells: 3 memorised, 14 levels left

rFire  + . .     SeeInvis +     a - +7 war axe (freeze)
rCold  + . .     Gourm    .     i - +9 plate armour of the King {Regen+ Slay-2 Stlth+}
rNeg   . . .     Faith    .     Z - +2 shield {reflect}
rPois  .         Spirit   .     h - +2 helmet {SInv}
rElec  .         Dismiss  .     T - +2 cloak {rC+}
rCorr  .         Reflect  +     N - +2 pair of gloves {archery}
SustAt .         Harm     .     x - +1 pair of boots
MR     ++...                    j - amulet of rage
Stlth  ++........               b - ring "Hicozel" {MP+9 AC+4 Slay+2}
                                U - ring "Ceth" {+Fly MR+ Dex+2}

@: very slightly contaminated, hasted, very quick, very resistant to hostile
enchantments, unstealthy
A: fire resistance 1, strong 1
a: Stomp, Renounce Religion, Convert to Beogh, Evoke Berserk Rage, Evoke Flight
}: 1/15 runes: gossamer


You were on level 1 of the Elven Halls.
You worshipped Ukayaw.
Ukayaw was aware of your devotion.
You were not hungry.

You visited 7 branches of the dungeon, and saw 36 of its levels.
You also visited: Labyrinth and Ice Cave.

You collected 4357 gold pieces.
You spent 2909 gold pieces at shops.

Inventory:

Hand Weapons
 a - a +7 war axe of freezing (weapon)
 r - the +4 hand crossbow "Woitwe" {elec, +Blink rN+ Str+5 Dex-3}
   (You found it on level 15 of the Dungeon)

   It charges the ammunition it shoots with electricity; occasionally upon a
   hit, such missiles may discharge and cause terrible harm.
   It affects your strength (+5).
   It affects your dexterity (-3).
   It protects you from negative energy.
   It lets you blink.
 V - a +1 vampiric war axe
Missiles
 z - 3 javelins of penetration (quivered)
Armour
 h - a +2 helmet of see invisible (worn)
 i - the +9 plate armour of the King (worn) {Regen+ Slay-2 Stlth+}
   (You bought it in a shop on level 5 of the Dungeon)

   It affects your accuracy and damage with ranged weapons and melee attacks
   (-2).
   It increases your rate of regeneration.
   It makes you more stealthy.
 x - a +1 pair of boots (worn)
 D - a +2 hat of cold resistance
 M - the +5 scale mail of Death's Door {rC+ Slay+5}
   (You found it on level 2 of the Depths)

   It affects your accuracy and damage with ranged weapons and melee attacks
   (+5).
   It protects you from cold.
 N - a +2 pair of gloves of archery (worn)
 T - a +2 cloak of cold resistance (worn)
 Z - a +2 shield of reflection (worn)
Jewellery
 b - the ring "Hicozel" (right hand) {MP+9 AC+4 Slay+2}
   (You bought it in a shop on level 2 of the Orcish Mines)

   [ring of protection]

   It affects your AC (+4).
   It affects your accuracy and damage with ranged weapons and melee attacks
   (+2).
   It affects your magic capacity (+9).
 c - a +5 amulet of reflection
 j - an amulet of rage (around neck)
 k - an uncursed ring of protection from fire
 l - an uncursed ring of protection from cold
 G - an uncursed ring of protection from cold
 R - an uncursed ring of resist corrosion
 U - the ring "Ceth" (left hand) {+Fly MR+ Dex+2}
   (You found it in a labyrinth)

   [ring of protection from magic]

   It affects your dexterity (+2).
   It affects your resistance to hostile enchantments.
   It lets you fly.
 Y - the ring "Ahibboexzy" {AC+4 SInv}
   (You found it on level 2 of the Depths)

   [ring of protection]

   It affects your AC (+4).
   It lets you see invisible.
Wands
 d - a wand of iceblast (6/15)
 q - a wand of disintegration (21/24)
 u - a wand of polymorph (10/24)
 w - a wand of lightning (10/15)
 L - a wand of acid (5/15)
 S - a wand of enslavement (18/24)
 W - a wand of polymorph (15/24)
 X - a wand of teleportation (7/9)
Scrolls
 g - 16 scrolls of teleportation
 o - a scroll of recharging
 y - 6 scrolls of immolation
 A - 5 scrolls of amnesia
 B - 4 scrolls of fog
 C - 5 scrolls of remove curse
 E - a scroll of summoning
 J - 3 scrolls of magic mapping
 K - 5 scrolls of identify
Potions
 e - 3 potions of ambrosia
 m - 7 potions of curing
 n - a potion of might
 s - 3 potions of resistance
 v - 3 potions of cure mutation
 F - 2 potions of agility
 H - 5 potions of flight
 O - 7 potions of brilliance
 P - 2 potions of berserk rage
 Q - 10 potions of haste
Comestibles
 f - 13 bread rations
 p - 2 fruits
 t - 13 meat rations


   Skills:
 - Level 18.7 Fighting
 - Level 19.0 Axes
 - Level 6.8 Throwing
 - Level 14.2 Armour
 - Level 8.3 Dodging
 - Level 13.3 Stealth
 - Level 11.4 Shields
 + Level 9.3 Charms
 * Level 8.8 Translocations
 + Level 8.8 Air Magic
 - Level 13.6 Invocations
 - Level 8.0 Evocations


You had 14 spell levels left.
You knew the following spells:

 Your Spells              Type           Power        Failure   Level  Hunger
a - Repel Missiles        Chrm/Air       ##....       21%         2    ###....
b - Swiftness             Chrm/Air       ##......     21%         2    ###....
c - Blink                 Tloc           N/A          28%         2    ###....


Dungeon Overview and Level Annotations

Branches:
Dungeon (15/15)            Temple (0/1) D:6            Lair (8/8) D:11
 Shoals (0/4) Lair:5       Spider (4/4) Lair:6        Slime (0/6) Lair:7
    Orc (2/2) D:9             Elf (1/3) Orc:2        Vaults (4/5) D:13
  Crypt (0/3) Vaults:3     Depths (2/5) D:15

Altars:
Ashenzari
Fedhas
Kikubaaqudgha
Makhleb
Nemelex Xobeh
Pakellas
Qazlal
Ru
Ukayaw
Vehumet
Zin
Beogh

Shops:
D:5 [   D:6 *?*[   Orc:2 (%=[   Vaults:2 *   Vaults:3 ?   Vaults:4 =

Portals:
Hell: Depths:1 Depths:2
Abyss: Depths:2

Annotations:
D:4 exclusion: statue
D:5 exclusion: oklob plant
Depths:1 exclusion: orange crystal statue


Innate Abilities, Weirdness & Mutations

Your flesh is heat resistant. (rF+)
Your muscles are strong. (Str +2)


Message History

The red devil hits you from afar with a trident.
* * * LOW HITPOINT WARNING * * *
You block the large abomination's attack.
The Hell Sentinel hits you!!
* * * LOW HITPOINT WARNING * * *
The Hell Sentinel hits you but does no damage.
You are very lightly contaminated with residual magic.
Okay, then.
Casting: Repel Missiles
Confirm with . or Enter, or press ? or * to list all spells.
Okay, then.
Unknown command.
Okay, then.
Aiming: Line Pass
Press: ? - help, Dir - move target cursor The large abomination appears confused.
The deep elf archer appears confused.
You feel somewhat more hungry. You block the red devil's attack.
The orc priest calls down the wrath of Beogh upon you.
Beogh smites you!
You die...

####..#######..#
#..'.....#..##(.#..#..##
#..#.....#..#8.)..$...8#
+###..#####+#..#8.)......8#
...............##))#).#..##
...............#8).e.....8#
#############'##8)4e.....
...............##)4#1o#++##
................@(X)Eo.....
###..######+####e.####+####
..# .# .. #..# ... ..# +..
#..# ..... ..# . #..+
....... ..# #..# .......
..# +..# ....... ..# #(.#
....... ### #..#


You could see a Hell Sentinel, a deep elf demonologist, 2 deep elf archers, a
large abomination (confused), an earth elemental, a sixfirhy, a red devil, an
orc priest and an orc.

Vanquished Creatures
  Mara (Spider:4)
  A caustic shrike (Depths:2)
  Jory (Vaults:4)
  A golden dragon (Depths:2)
  Arachne (Spider:4)
  The ghost of McCoppin the Phalangite, an adept FoGl of Hepliaklqana (Vaults:3)
  A quicksilver dragon (Depths:2)
  A titan (Depths:1)
  3 sphinxes
  Frances (Spider:1)
  2 draconian monks (Depths:2)
  4 deep elf sorcerers
  3 frost giants
  4 vault wardens
  A draconian scorcher (Depths:2)
  3 fire giants
  3 orc warlords
  Maud (Lair:5)
  A draconian zealot (Depths:2)
  A draconian shifter (Depths:2)
  Aizul (Vaults:2)
  8 ghost moths
  5 emperor scorpions
  11 ironheart preservers
  The ghost of tstbtto the Severer, a journeyman MiCK of Ru (Lair:6)
  11 stone giants
  4 deep elf demonologists
  2 deep elf annihilators
  A vampire knight (Vaults:3)
  The ghost of tstbtto the Executioner, a journeyman MiCK of Ru (Lair:7)
  3 spark wasps
  6 ettins
  A minotaur (Lab)
  Snorg (Lair:3)
  3 vault guards
  A deep elf death mage (Vaults:3)
  Josephine (Lair:5)
  A deep elf high priest (Elf:1)
  7 fire dragons
  5 great orbs of eyes
  A yaktaur captain (Vaults:2)
  3 entropy weavers
  10 hydras
  6 ice dragons
  Erica (D:11)
  A catoblepas (Lair:8)
  6 centaur warriors
  2 dancing weapons
  A death knight (D:13)
  10 ogre magi
  22 death yaks
  2 deep troll shamans
  5 orc high priests
  9 deep troll earth magi
  4 tengu warriors
  4 deep elf knights
  Sonja (Lair:4)
  3 fire crabs
  An iron troll (Depths:1)
  2 skeletal warriors (D:13)
  3 wizards (D:13)
  2 death drakes (Depths:2)
  4 giant orange brains
  4 unseen horrors
  11 hill giants
  17 deep trolls
  5 deep elf archers
  11 orc knights
  An anubis guard (shapeshifter) (D:15)
  10 ironbrand convokers
  A wolf spider zombie (D:15)
  2 necromancers
  2 phantasmal warriors
  23 orb spiders
  A lindwurm (Depths:2)
  A manticore (D:12)
  An oklob plant (Depths:2)
  30 wolf spiders
  6 hornets
  3 orc sorcerers
  5 griffons
  A moth of wrath (Spider:4)
  33 ugly things
  A salamander (shapeshifter) (Depths:1)
  21 deep elf magi
  8 cyclopes
  6 elephants
  7 vault sentinels
  2 sirens (Lair:5)
  An octopode (shapeshifter) (Vaults:1)
  4 black mambas
  A storm dragon simulacrum (Vaults:3)
  3 torpor snails
  2 ice statues (IceCv)
  10 spiny frogs
  2 yaktaurs (shapeshifter)
  9 demonic crawlers
  A tengu conjurer (Depths:1)
  13 ice devils
  13 komodo dragons
  4 rime drakes (Depths:2)
  19 yaktaurs
  5 freezing wraiths
  7 trolls
  A merfolk (Lair:5)
  2 spriggan druids (Lair:8)
  Prince Ribbit (Lair:3)
  8 polar bears
  19 blink frogs
  52 jumping spiders
  23 slime creatures
  16 two-headed ogres
  3 boulder beetles
  A harpy skeleton (D:15)
  A wind drake (shapeshifter) (Vaults:4)
  A flying skull (Vaults:3)
  A tarantella (shapeshifter) (Vaults:4)
  22 tarantellas
  A centaur simulacrum (D:14)
  3 shadows
  51 yaks
  9 spriggans
  77 redbacks
  2 wyverns
  8 wraiths
  3 hogs (shapeshifter)
  2 yaks (shapeshifter)
  2 basilisks (shapeshifter)
  A fire elemental (Elf:1)
  18 humans
  7 basilisks
  6 hippogriffs
  10 vampire mosquitoes
  3 hungry ghosts
  A soldier ant (shapeshifter) (Vaults:2)
  Menkaure (D:5)
  2 mottled dragons
  6 wargs
  An ogre zombie (Vaults:1)
  9 swamp worms (Spider:2)
  Duvessa (D:6)
  A naga (shapeshifter) (D:14)
  13 water moccasins
  4 soldier ants
  10 porcupines
  50 orc warriors
  7 wasps
  5 ice beasts
  A swamp drake (Depths:2)
  2 sky beasts
  40 ogres
  A necrophage (D:6)
  21 centaurs
  7 black bears
  21 wolves
  16 crocodiles
  5 big kobolds
  A gnoll sergeant (D:12)
  18 giant frogs
  2 wyvern zombies
  Dowan (D:6)
  An earth elemental (Elf:1)
  3 yaktaur skeletons (Vaults:1)
  A wyvern skeleton (D:8)
  A glowing shapeshifter simulacrum (Vaults:1)
  7 scorpions
  The ghost of tstbtto the Chopper, a weakling MiCK of Ru (D:3)
  5 wights
  3 electric eels
  3 howler monkeys
  10 crimson imps
  3 centaur zombies
  A human simulacrum (Vaults:2)
  4 jellies
  39 orc priests
  2 giant frog skeletons
  4 hounds
  An iron imp (Depths:2)
  9 centaur skeletons
  Natasha (thrice) (D:2)
  13 iguanas
  12 worker ants
  40 orc wizards
  21 sheep
  3 hound zombies
  2 hound skeletons
  A worker ant zombie (D:6)
  A howler monkey skeleton (D:5)
  55 river rats
  10 adders
  4 gnolls (D:12)
  4 shadow imps
  8 white imps (IceCv)
  5 ufetubi (IceCv)
  3 oozes
  An adder zombie (D:9)
  2 adder skeletons
  12 worms
  12 dart slugs
  5 giant geckos
  105 orcs
  A ball python (D:3)
  9 giant cockroaches
  11 goblins
  11 hobgoblins
  12 jackals
  30 kobolds
  7 quokkas
  7 bats
  A giant gecko skeleton (D:3)
  7 giant newts
  7 rats
  17 fungi
  3 plants
1663 creatures vanquished.

Vanquished Creatures (others)
  A fire giant (Depths:1)
  A centaur warrior (Vaults:4)
  A lindwurm (Depths:2)
  A yaktaur (Vaults:2)
  A warg (Vaults:4)
  An ogre (Vaults:4)
  A centaur (Vaults:4)
  A gnoll (D:12)
  2 white imps (IceCv)
  2 ufetubi (IceCv)
  6 fungi
  9 plants
27 creatures vanquished.

Grand Total: 1690 creatures vanquished

Notes
Turn   | Place    | Note
--------------------------------------------------------------
     0 | D:1      | Ijustatesigmund the Hill Orc Fighter began the quest for the Orb.
     0 | D:1      | Reached XP level 1. HP: 19/19 MP: 1/1
    14 | D:1      | Reached skill level 3 in Axes
    56 | D:1      | Reached XP level 2. HP: 25/27 MP: 2/2
   680 | D:1      | Reached XP level 3. HP: 34/34 MP: 3/3
   699 | D:2      | Found a glowing silver altar of Zin.
   778 | D:2      | Reached skill level 4 in Axes
  1023 | D:2      | Reached XP level 4. HP: 36/41 MP: 4/4
  1206 | D:2      | Noticed Natasha
  1212 | D:2      | Killed Natasha
  1212 | D:2      | Reached skill level 1 in Evocations
  1360 | D:2      | Reached skill level 5 in Fighting
  1537 | D:2      | Reached XP level 5. HP: 47/48 MP: 4/6
  1554 | D:2      | Reached skill level 5 in Axes
  1601 | D:2      | Noticed Natasha
  1606 | D:2      | Killed Natasha
  1711 | D:2      | Noticed Natasha
  1725 | D:2      | Killed Natasha
  2104 | D:3      | Found an oddly glowing altar of Pakellas.
  2104 | D:3      | Found an ancient bone altar of Kikubaaqudgha.
  2173 | D:3      | Noticed tstbtto's ghost (weakling MiCK)
  2193 | D:3      | Killed tstbtto's ghost
  2193 | D:3      | Reached XP level 6. HP: 57/57 MP: 7/7
  2356 | D:3      | Reached skill level 6 in Axes
  3166 | D:4      | Found a stormy altar of Qazlal.
  3169 | D:4      | Noticed an air elemental
  3169 | D:4      | Noticed a fire elemental
  3169 | D:4      | Noticed a water elemental
  3574 | D:4      | Found a shattered altar of Ashenzari.
  3693 | D:4      | Found a radiant altar of Vehumet.
  3719 | D:4      | Reached XP level 7. HP: 56/64 MP: 8/8
  3900 | D:5      | Entered Level 5 of the Dungeon
  3900 | D:5      | Found Pigy's Antique Armour Emporium.
  3906 | D:5      | Reached skill level 7 in Axes
  3915 | D:5      | Bought a shiny chain mail for 144 gold pieces
  3977 | D:5      | Found a hide-covered altar to Ukayaw.
  3980 | D:5      | Became a worshipper of Ukayaw the Reveler
  3986 | D:5      | Reached * piety under Ukayaw
  3993 | D:5      | Noticed Menkaure
  4018 | D:5      | Reached ** piety under Ukayaw
  4020 | D:5      | Killed Menkaure
  4335 | D:5      | Found a blossoming altar of Fedhas.
  4346 | D:5      | Noticed an oklob plant
  4422 | D:5      | Reached *** piety under Ukayaw
  4434 | D:5      | Reached skill level 8 in Axes
  4434 | D:5      | Reached **** piety under Ukayaw
  4717 | D:6      | Found a staircase to the Ecumenical Temple.
  4739 | D:6      | Noticed Duvessa
  4739 | D:6      | Noticed Dowan
  4746 | D:6      | Killed Duvessa
  4746 | D:6      | Reached XP level 8. HP: 64/74 MP: 9/9
  4750 | D:6      | Killed Dowan
  4771 | D:6      | Found Peptutt's Assorted Antiques.
  4777 | D:6      | Bought a scroll labeled KIAHYO URITHU for 26 gold pieces
  4811 | D:6      | Found a burning altar of Makhleb.
  4870 | D:6      | Found Homoonocs's Assorted Antiques.
  4888 | D:6      | Found Ojipel Ysso's Magic Scroll Emporium.
  4896 | D:6      | Bought a scroll of remove curse for 33 gold pieces
  5078 | D:6      | Reached skill level 9 in Axes
  5238 | D:6      | Found a sacrificial altar of Ru.
  5327 | D:6      | Found Yjemej's Antique Armour Emporium.
  5497 | D:7      | Reached skill level 5 in Armour
  5559 | D:7      | Gained mutation: Your muscles are strong. (Str +2) [potion of beneficial mutation]
  5605 | D:7      | Reached XP level 9. HP: 61/83 MP: 10/10
  5615 | D:7      | Reached ***** piety under Ukayaw
  5812 | D:7      | Reached skill level 10 in Axes
  6612 | D:8      | Reached skill level 10 in Fighting
  6793 | D:8      | Reached skill level 1 in Invocations
  7045 | D:8      | Reached skill level 5 in Invocations
  7091 | D:9      | Found a sacrificial altar of Ru.
  7102 | D:9      | Reached XP level 10. HP: 73/93 MP: 13/15
  7640 | D:9      | Reached skill level 10 in Invocations
  7975 | D:9      | Found a staircase to the Orcish Mines.
  7992 | D:9      | Found a roughly hewn altar of Beogh.
  8082 | D:9      | Reached skill level 11 in Axes
  8450 | D:9      | Found a sparkling altar of Nemelex Xobeh.
  8758 | D:10     | Entered Level 10 of the Dungeon
  9243 | D:10     | Noticed a hill giant
  9254 | D:10     | Killed a hill giant
  9254 | D:10     | Reached skill level 12 in Axes
  9267 | D:10     | Noticed a hill giant
  9271 | D:10     | Killed a hill giant
  9271 | D:10     | Reached XP level 11. HP: 92/104 MP: 18/18
  9356 | D:10     | Noticed a hill giant
  9362 | D:10     | Killed a hill giant
  9513 | D:11     | Reached skill level 13 in Axes
  9519 | D:11     | Found a staircase to the Lair.
  9551 | D:11     | Found a labyrinth entrance.
  9571 | Lab      | Entered a labyrinth
  9875 | Lab      | Noticed a minotaur
  9888 | Lab      | Killed a minotaur
 10178 | Lab      | Got a shimmering brass ring
 10178 | Lab      | Got a scintillating marble ring
 10191 | Lab      | Identified the ring "Ceth" {+Fly MR+ Dex+2} (You found it in a labyrinth)
 10192 | Lab      | Identified the cursed ring "Liffax" {MP+9 EV-2 Int+3 Dex+2} (You found it in a labyrinth)
 10196 | Lab      | Got a bronze plate armour
 10207 | Lab      | Identified the cursed +1 plate armour of the Catamount {Str+2} (You found it in a labyrinth)
 10792 | D:11     | Noticed Erica
 10807 | D:11     | Killed Erica
 10807 | D:11     | Reached skill level 14 in Axes
 11131 | D:11     | Noticed a cyclops
 11138 | D:11     | Killed a cyclops
 11391 | D:11     | Noticed a white ugly thing
 11675 | D:12     | Reached skill level 1 in Dodging
 11739 | D:12     | Reached XP level 12. HP: 74/115 MP: 19/19
 11924 | D:12     | Noticed an ogre mage
 11943 | D:12     | Killed an ogre mage
 12299 | D:12     | Reached skill level 5 in Shields
 12775 | D:12     | Reached ****** piety under Ukayaw
 13228 | D:13     | Reached skill level 15 in Axes
 13531 | D:13     | Noticed a death knight
 14223 | D:14     | Reached XP level 13. HP: 125/125 MP: 20/20
 15059 | D:13     | Reached skill level 15 in Fighting
 15190 | D:13     | Reached skill level 16 in Axes
 15399 | D:13     | Noticed a vault guard
 15417 | D:13     | Killed a vault guard
 15481 | D:13     | Found a gate to the Vaults.
 15876 | D:15     | Entered Level 15 of the Dungeon
 15960 | D:15     | Got an encrusted hand crossbow
 15961 | D:15     | Identified the +4 hand crossbow "Woitwe" {elec, +Blink rN+ Str+5 Dex-3} (You found it on level 15 of the Dungeon)
 16420 | D:15     | Reached XP level 14. HP: 66/136 MP: 21/21
 16426 | D:15     | Reached skill level 17 in Axes
 16855 | D:15     | Found a staircase to the Depths.
 17100 | D:15     | Reached skill level 10 in Armour
 17133 | D:15     | Found a shattered altar of Ashenzari.
 17950 | Lair:1   | Entered Level 1 of the Lair of Beasts
 19193 | Lair:2   | Reached skill level 18 in Axes
 19724 | Lair:3   | Noticed Prince Ribbit
 19786 | Lair:3   | Noticed Snorg
 19798 | Lair:3   | Killed Snorg
 21024 | Lair:4   | Noticed Sonja
 21035 | Lair:4   | Killed Sonja
 21388 | Lair:4   | Reached XP level 15. HP: 136/147 MP: 22/22
 21534 | Lair:4   | Gained mutation: Your flesh is heat resistant. (rF+) [potion of beneficial mutation]
 21964 | Lair:5   | Found a frozen archway.
 22154 | IceCv    | Entered an ice cave
 22674 | Lair:5   | Noticed Josephine
 22681 | Lair:5   | Killed Josephine
 22836 | Lair:5   | Reached skill level 5 in Evocations
 22966 | Lair:5   | Noticed Maud
 22977 | Lair:5   | Killed Maud
 23074 | Lair:5   | Found a staircase to the Shoals.
 23493 | Lair:3   | Killed Prince Ribbit
 23751 | D:5      | Bought a shiny helmet for 144 gold pieces
 23751 | D:5      | Bought a dazzling plate armour for 896 gold pieces
 23762 | D:5      | Identified the +9 plate armour of the King {Regen+ Slay-2 Stlth+} (You bought it in a shop on level 5 of the Dungeon)
 23875 | Orc:1    | Entered Level 1 of the Orcish Mines
 23901 | Orc:1    | Found a roughly hewn altar of Beogh.
 24342 | Orc:2    | Entered Level 2 of the Orcish Mines
 24342 | Orc:2    | Found a staircase to the Elven Halls.
 25444 | Orc:2    | Noticed an orc warlord
 25897 | Orc:2    | Killed an orc warlord
 26147 | Orc:2    | Reached XP level 16. HP: 155/155 MP: 26/26
 26184 | Orc:2    | Found a roughly hewn altar of Beogh.
 26659 | Orc:2    | Found Rirogh's Antique Weapon Shop.
 26659 | Orc:2    | Found Laypt's Food Shop.
 26660 | Orc:2    | Found Dipsulitee's Antique Armour Boutique.
 26663 | Orc:2    | Found Asie's Jewellery Boutique.
 26669 | Orc:2    | Bought the ring "Hicozel" {MP+9 AC+4 Slay+2} for 822 gold pieces
 27034 | Lair:6   | Noticed tstbtto's ghost (journeyman MiCK)
 27066 | Lair:6   | Killed tstbtto's ghost
 27129 | Lair:6   | Found a hole to the Spider Nest.
 28082 | Lair:7   | Noticed tstbtto's ghost (journeyman MiCK)
 28098 | Lair:7   | Killed tstbtto's ghost
 28098 | Lair:7   | Reached skill level 5 in Dodging
 28441 | Lair:7   | Found a staircase to the Slime Pits.
 28751 | Lair:8   | Entered Level 8 of the Lair of Beasts
 28827 | Lair:8   | Reached skill level 1 in Stealth
 29207 | Lair:8   | Reached skill level 5 in Stealth
 29874 | Spider:1 | Entered Level 1 of the Spider Nest
 30004 | Spider:1 | Reached XP level 17. HP: 148/161 MP: 27/27
 30024 | Spider:1 | Reached skill level 1 in Throwing
 30044 | Spider:1 | Noticed Frances
 30056 | Spider:1 | Killed Frances
 30195 | Spider:1 | Identified a scroll of acquirement
 30218 | Spider:1 | Got a steaming chain mail
 30219 | Spider:1 | Identified the +2 chain mail of Defence {rElec Int+6 SInv} (You found it on level 1 of the Spider Nest)
 31636 | Spider:2 | Got a pair of translucent gloves
 31648 | Spider:2 | Identified the +2 pair of gloves of Courage {rF++ Slay-5} (You found it on level 2 of the Spider Nest)
 32611 | Spider:3 | Reached skill level 19 in Axes
 33079 | Spider:3 | Reached skill level 10 in Stealth
 33851 | Spider:4 | Entered Level 4 of the Spider Nest
 33940 | Spider:4 | Reached XP level 18. HP: 171/171 MP: 28/28
 33956 | Spider:4 | Noticed Arachne
 34001 | Spider:4 | Killed Arachne
 34222 | Spider:4 | Reached skill level 10 in Shields
 34323 | Spider:4 | Noticed Mara
 34413 | Spider:4 | Noticed Ijustatesigmund's illusion
 34419 | Spider:4 | Killed Mara
 34513 | Spider:4 | Got a gossamer rune of Zot
 34555 | Spider:4 | Reached skill level 5 in Throwing
 35380 | Depths:1 | Entered Level 1 of the Depths
 35797 | Depths:1 | Found a gateway to Hell.
 35825 | Depths:1 | Noticed a titan
 35837 | Depths:1 | Killed a titan
 36127 | Depths:1 | Reached XP level 19. HP: 134/180 MP: 29/29
 36705 | Depths:2 | Noticed a caustic shrike
 36716 | Depths:2 | Killed a caustic shrike
 36916 | Depths:2 | Found a one-way gate to the infinite horrors of the Abyss.
 36958 | Depths:2 | Identified the Almanac of Entrancing Protection (You found it on level 2 of the Depths)
 36962 | Depths:2 | Learned a level 2 spell: Repel Missiles
 37309 | Depths:2 | Reached skill level 1 in Charms
 37309 | Depths:2 | Reached skill level 1 in Air Magic
 37631 | Depths:2 | HP: 5/181 [poison (poison gas)]
 38164 | Depths:2 | Noticed a golden dragon
 38182 | Depths:2 | Killed a golden dragon
 38553 | Depths:2 | Identified the Disquisition on Calling and Moulding
 38556 | Depths:2 | Got a translucent bone ring
 38558 | Depths:2 | Identified the ring "Ahibboexzy" {AC+4 SInv} (You found it on level 2 of the Depths)
 38564 | Depths:2 | Got a crude scale mail
 38565 | Depths:2 | Identified the +5 scale mail of Death's Door {rC+ Slay+5} (You found it on level 2 of the Depths)
 38970 | Vaults:1 | Entered Level 1 of the Vaults
 39066 | Vaults:1 | Learned a level 2 spell: Swiftness
 39289 | Vaults:1 | Reached XP level 20. HP: 130/189 MP: 30/30
 39399 | Vaults:1 | Reached skill level 5 in Charms
 39443 | Vaults:1 | Reached skill level 5 in Air Magic
 40321 | Vaults:2 | Found Saptetag's General Store.
 40344 | Vaults:2 | Bought a scroll of fog for 26 gold pieces
 40344 | Vaults:2 | Bought a book of Minor Magic for 260 gold pieces
 40344 | Vaults:2 | Bought a potion of agility for 52 gold pieces
 40351 | Vaults:2 | Learned a level 2 spell: Blink
 40449 | Vaults:2 | Reached skill level 1 in Translocations
 40646 | Vaults:2 | Noticed Aizul
 40664 | Vaults:2 | Killed Aizul
 41179 | Vaults:3 | Noticed McCoppin's ghost (adept FoGl)
 41193 | Vaults:3 | Killed McCoppin's ghost
 41555 | Vaults:3 | Found Fatar's Magic Scroll Shoppe.
 41563 | Vaults:3 | Bought a scroll of identify for 28 gold pieces
 41563 | Vaults:3 | Bought a scroll of identify for 28 gold pieces
 41563 | Vaults:3 | Bought a scroll of enchant armour for 105 gold pieces
 41563 | Vaults:3 | Bought a scroll of identify for 28 gold pieces
 41563 | Vaults:3 | Bought a scroll of teleportation for 42 gold pieces
 41630 | Vaults:3 | Paralysed by a vampire knight for 5 turns
 41668 | Vaults:3 | Reached skill level 5 in Translocations
 41909 | Vaults:3 | Found a staircase to the Crypt.
 42294 | Vaults:4 | Noticed Jory
 42327 | Vaults:4 | Killed Jory
 42327 | Vaults:4 | Reached XP level 21. HP: 70/195 MP: 31/31
 42781 | Vaults:4 | Found Lisuj's Jewellery Shoppe.
 42793 | Vaults:4 | Bought a +5 amulet of reflection for 275 gold pieces
 43795 | Elf:1    | Entered Level 1 of the Elven Halls
 43908 | Elf:1    | Killed from afar by an orc priest

Vault maps used:
D:1:      dpeg_arrival_lava_altar
D:2:      lemuel_crystal_altar, uniq_natasha
D:3:      gammafunk_temple_overflow_elements, serial_undead, serial_undead_c,
          serial_undead_b, serial_undead_f, serial_undead_c,
          grunt_ministairs_11, minmay_cupped
D:4:      nicolae_qazlal_style_of_elements, nicolae_overflow_hidden_temple,
          ashenzari_altar_1, vehumet_statue, serial_forest,
          infiniplex_forest_lined_2, infiniplex_forest_clump_diagonal,
          infiniplex_forest_straight_3, infiniplex_forest_straight_4,
          infiniplex_forest_diagonal
D:5:      kennysheep_mini_moat, tgw_fedhas, serial_glass, glass_columns_b,
          glass_columns_c, first_bread, serial_shops, shop, uniq_menkaure
D:6:      kennysheep_little_box, minmay_temple_entry_junction, serial_shops,
          nicolae_shop_statue_plus, shop, shop, shop, fountainhead,
          makhleb_blood_cavern_becter, uniq_duvessa
D:7:      kennysheep_slugbush, minivault_23, kennysheep_another_room, the_bakery
D:9:      minmay_orc_entry_temple_small, basic_altar, minmay_item_behind_shaft,
          st_stairs_4, nemelex_spade_bored_becter
D:11:     minmay_lair_entry_grove, lab_entry_generic, uniq_erica
D:12:     minmay_variable_closet, uniq_urug
D:13:     grunt_vaults_entry_tiered
D:14:     solitary_fountain
D:15:     grunt_enter_depths_hoard, basic_altar, minmay_misc_feat_columns
Lair:3:   infiniplex_staircase_pool, serial_bayou_shore_b, lemuel_fruit_fields,
          uniq_snorg, uniq_prince_ribbit2
Lair:4:   kennysheep_basilisk_garden, uniq_sonja
Lair:5:   elwin_shoals_entry_rooms, portal_ice_cave_demonic_guard,
          grunt_megastairs_2, uniq_maud, uniq_josephine
Lair:6:   nicolae_spider_entry_non_spiders
Lair:7:   slime_dummy
Lair:8:   minmay_lair_end_enchanted_forest, st_stairs_9
Spider:1: uniq_frances
Spider:2: worms_lemuel
Spider:4: johnstein_spider_rune_arachne_lair, uniq_mara
Orc:1:    basic_altar
Orc:2:    st_orc_mages, basic_altar
Elf:1:    elf_arrival_001, serial_shops, shop, orc_legates,
          minmay_elf_annihilation
Vaults:1: ontoclasm_vaults_pinch, v_alt_pattern_2, ontoclasm_vaults_hangar,
          nicolae_vaults_shelves_hall, vaults_mumra_chevron, v_misc_15,
          nicolae_vaults_ring_of_whatevers, nicolae_vaults_little_squares_3,
          nicolae_vaults_angled_halls, nicolae_vaults_network_quinsquares,
          nicolae_vaults_specimen_jars, ontoclasm_vaults_loading_screen,
          ontoclasm_vaults_fault
Vaults:2: v_alt_pattern_6, hangedman_vaults_pinch, ontoclasm_vaults_hangar,
          v_misc_12, serial_shops, nicolae_shop_window_shopping, uniq_aizul
Vaults:3: v_alt_pattern_2, nicolae_vaults_network_s, ontoclasm_vaults_tryst,
          vaults_dpeg_spiral, st_smaller_cells, minmay_crypt_entry_simple_walls,
          nicolae_vaults_alarming, v_pattern_1, ontoclasm_vaults_misaligned,
          nicolae_vaults_what_the_h, vaults_room_grid, serial_shops,
          nicolae_shop_statue_plus
Vaults:4: v_misc_11, v_pattern_3, v_misc_22, nicolae_vaults_an_arrangement,
          nicolae_vaults_little_squares_1, grunt_vaults_trifunnel,
          vaults_room_door_hall, v_misc_12, vaults_dpeg_encased_lava,
          serial_shops, shop, uniq_jory
Depths:1: nrook_uturn, hell_entry, grunt_ministairs_5,
          small_chamber_with_monster, nrook_loot_triangle,
          minmay_protected_statue, serial_bayou_shore_b
Depths:2: gold_lair_mu, grunt_hell_entry_dis_grunt,
          infiniplex_staircase_zigzag_1, abyss_entry
Lab:      labyrinth_hidden_loot, labyrinth_skeletal_remains,
          nicolae_lab_flowing_pool, nicolae_lab_stuck, lab_fountain, lab_hedge,
          lab_statue, nicolae_lab_swirl, nicolae_lab_garden, nicolae_lab_statue,
          nicolae_lab_dead_end
IceCv:    ice_cave_small_demon

Skill      XL: |  1  2  3  4  5  6  7  8  9 10 11 12 13 14 15 16 17 18 19 20 21 |
---------------+----------------------------------------------------------------+-----
Axes           | 3 4 5 6 8 9 10 12 14 15 16 18 19 | 19.0
Fighting       | 4 5 6 7 9 10 11 13 14 15 17 18 | 18.7
Evocations     | 1 2 8 |  8.0
Armour         | 5 6 9 11 12 13 14 | 14.2
Invocations    | 6 10 13 | 13.6
Dodging        | 1 4 5 6 7 8 |  8.3
Shields        | 4 7 8 9 11 | 11.4
Stealth        | 8 10 11 13 | 13.3
Throwing       | 3 5 6 |  6.8
Charms         | 4 8 9 |  9.3
Air Magic      | 4 7 8 |  8.8
Translocations | 6 8 |  8.8

Action                   |  1- 3 |  4- 6 |  7- 9 | 10-12 | 13-15 | 16-18 | 19-21 || total
-------------------------+-------+-------+-------+-------+-------+-------+-------++-------
Melee: War axe           |   101 |   223 |   263 |   539 |  1141 |  1403 |  1134 ||  4804
Throw: Javelin           |       |       |       |       |       |     4 |    12 ||    16
 Cast: Repel Missiles    |       |       |       |       |       |       |     3 ||     3
Invok: Grand Finale      |       |       |       |       |     2 |     3 |     3 ||     8
       Stomp             |       |       |       |       |       |     1 |     1 ||     2
       Line Pass         |       |       |       |       |       |       |     2 ||     2
 Abil: Evoke Berserk Rag |       |     2 |     1 |     3 |     7 |     4 |     2 ||    19
       Evoke Flight      |       |       |       |       |       |       |     2 ||     2
Evoke: Wand              |       |       |       |     3 |     3 |       |     2 ||     8
  Use: Scroll            |    10 |     4 |    14 |    11 |    20 |    11 |    12 ||    82
       Potion            |       |       |     1 |     3 |     6 |       |     9 ||    19
 Stab: Paralysed         |       |       |     8 |    45 |   118 |   175 |   163 ||   509
       Confused          |       |       |       |       |     3 |       |       ||     3
       Distracted        |       |       |       |       |     1 |       |     3 ||     4
       Sleeping          |       |       |       |       |       |     1 |     6 ||     7
  Eat: Chunk             |       |    11 |    10 |    14 |    14 |    16 |     9 ||    74
       Fruit             |       |       |     1 |     5 |     1 |       |       ||     7
       Beef jerky        |       |       |     1 |     3 |     2 |     1 |     1 ||     8
       Pizza             |       |       |       |     3 |     2 |     2 |     2 ||     9
       Bread ration      |       |       |       |       |     4 |     4 |     3 ||    11
       Royal jelly       |       |       |       |       |     1 |       |     1 ||     2
       Meat ration       |       |       |       |       |     1 |       |     1 ||     2
Armor: Scale mail        |    44 |    83 |       |       |       |       |       ||   127
       Chain mail        |       |     6 |   113 |    81 |   184 |       |       ||   384
       Plate armour      |       |       |       |   125 |   223 |   750 |   430 ||  1528
       Skin              |       |       |       |       |     8 |     5 |       ||    13
Dodge: Dodged            |    39 |    57 |    44 |    57 |   236 |   370 |   285 ||  1088
       Deflected         |       |       |       |       |       |       |     8 ||     8
Block: Shield            |    52 |   105 |   122 |   225 |   464 |   813 |   568 ||  2349
       Reflection        |       |       |       |       |       |       |    36 ||    36
